 Dungeon Crawl Stone Soup version 0.21.1-1-g345015f (webtiles) character file.

25 Iko the Sneak (level 3, -10/33 HPs)
             Began as a Naga Assassin on May 13, 2018.
             Mangled by Sigmund
             ... wielding a +0 scythe
              (17 damage)
             ... on level 2 of the Dungeon.
             The game lasted 00:08:21 (557 turns).

Iko the Sneak (Naga Assassin)                        Turns: 557, Time: 00:08:21

Health: -10/33     AC:  3    Str: 13    XL:     3   Next: 4%
Magic:  3/3        EV:  4    Int: 12    God:
Gold:   42         SH: 10    Dex: 12    Spells: 2/2 levels left

rFire    . . .     SeeInvis +   b - +0 blowgun
rCold    . . .     Gourm    .   l - +0 large shield
rNeg     . . .     Faith    .   c - +0 robe
rPois    +         Spirit   .   (no helmet)
rElec    .         Reflect  .   d - +0 cloak
rCorr    .         Harm     .   (no gloves)
MR       .....                  (no barding)
Stlth    +++.......             (no amulet)
HPRegen  0.11/turn              (no ring)
MPRegen  0.08/turn              (no ring)

@: short of breath, very slow
A: large, see invisible, deformed body, poison resistance, slowness 2, slow
metabolism 1, spit poison 1, AC +1
a: Spit Poison


You were on level 2 of the Dungeon.
You were not hungry.

You visited 1 branch of the dungeon, and saw 2 of its levels.

You collected 42 gold pieces.

Inventory:

Hand Weapons
 a - a +2 dagger
 b - a +0 blowgun (weapon)
Missiles
 e - 5 needles of frenzy (quivered)
 i - a curare-tipped needle
Armour
 c - a +0 robe (worn)
 d - a +0 cloak (worn)
 l - a +0 large shield (worn)
Scrolls
 h - 2 scrolls of remove curse
Comestibles
 g - 2 rations


   Skills:
 + Level 2.6 Fighting
 + Level 2.0 Short Blades
 + Level 2.1 Throwing
 + Level 0.7 Dodging
 + Level 6.4 Stealth


You had 2 spell levels left.
You didn't know any spells.

Dungeon Overview and Level Annotations

Branches:
Dungeon (2/15)

Altars:

Annotations:
D:2 Sigmund


Innate Abilities, Weirdness & Mutations

You cannot wear boots.
Your serpentine skin is tough. (AC +1)
You have supernaturally acute eyesight. (SInv)
Armour fits poorly on your strangely shaped body.
Your system is resistant to poisons. (rPois)
You cover ground very slowly.
You have a slow metabolism.
You can spit poison.


Message History

Sigmund refuses to make way for you. (Use ctrl+direction to attack.) Sigmund refuses to make way for you. (Use ctrl+direction to attack.) Sigmund refuses to make way for you. (Use ctrl+direction to attack.) Sigmund refuses to make way for you. (Use ctrl+direction to attack.) Sigmund refuses to make way for you. (Use ctrl+direction to attack.) Sigmund refuses to make way for you. (Use ctrl+direction to attack.) Sigmund refuses to make way for you. (Use ctrl+direction to attack.) Sigmund refuses to make way for you. (Use ctrl+direction to attack.) Sigmund refuses to make way for you. (Use ctrl+direction to attack.)
b - a +0 blowgun (weapon)
Firing (i - inventory. (,) - cycle):
e - 5 needles of frenzy (quivered)
Press: ? - help, Shift-Dir - straight line, f/p - Sigmund
Aim: Sigmund, wielding a scythe and wearing an embroidered robe (heavily wounded, fast, unusually strong, poisoned, frenzied and insane, slightly transparent)
Okay, then.
Sigmund looks more healthy.
Sigmund hits you with a scythe.
* * * LOW HITPOINT WARNING * * *
Sigmund refuses to make way for you. (Use ctrl+direction to attack.) Sigmund hits you with a scythe!
Ouch! That really hurt!
You die...

#...<♣.♣.♣.♣
#..........#
#....♣#♣#♣.♣
#..........#
###.########
### #.# ..
#.# #. #.#
####.####@#
#.......@.#
.[..##(######
. #( (. ###


You could see the neutral Sigmund (insane).

Vanquished Creatures
  A dart slug (D:1)
  2 leopard geckos (D:1)
  2 ball pythons (D:1)
  3 bats (D:1)
  2 giant cockroaches
  A goblin (D:1)
  3 hobgoblins (D:1)
  2 kobolds (D:1)
  A rat (D:1)
17 creatures vanquished.

Vanquished Creatures (collateral kills)
  A hobgoblin (D:1)
1 creature vanquished.

Grand Total: 18 creatures vanquished

Notes
Turn   | Place    | Note
-------+----------+-------------------------------------------
     0 | D:1      | Iko the Naga Assassin began the quest for the Orb.
     0 | D:1      | Reached XP level 1. HP: 19/19 MP: 1/1
    30 | D:1      | Reached skill level 6 in Stealth
    62 | D:1      | Reached XP level 2. HP: 27/27 MP: 2/2
   480 | D:1      | Reached XP level 3. HP: 20/33 MP: 3/3
   541 | D:2      | Noticed Sigmund
   557 | D:2      | Mangled by Sigmund

Skill      XL: |  1  2 |
---------------+-------+-----
Stealth        | 6 |  6.4
Throwing       | 2 |  2.1
Fighting       | |  2.6
Short Blades   | |  2.0
Dodging        | |  0.7

Action                   || total
-------------------------++-------
Melee: Dagger            ||    17
 Fire: Blowgun           ||    64
 Abil: Spit Poison       ||     1
  Use: Scroll            ||     2
       Potion            ||     2
Armor: Robe              ||    12
Dodge: Dodged            ||    17
Block: Large shield      ||    16
